 Dungeon Crawl Stone Soup version 0.26.0-10-g1f06aea511 (webtiles) character file.

Game seed: 2523174763203950256

3071 Dracia the Spear-Bearer (level 9, 0/69 HPs)
             Began as a Demonspawn Monk on Jan 16, 2021.
             Was a Priest of Yredelemnul.
             Killed from afar by an electric eel (6 damage)
             ... with a bolt of electricity
             ... on level 8 of the Dungeon.
             The game lasted 00:18:42 (7474 turns).

Dracia the Spear-Bearer (Demonspawn Monk)           Turns: 7474, Time: 00:18:43

Health: 0/69       AC: 13    Str: 20    XL:     9   Next: 58%
Magic:  22/22      EV: 11    Int: 12    God:    Yredelemnul [***...]
Gold:   611        SH:  5    Dex: 12    Spells: 3/8 levels left

rFire    + . .     SeeInvis .   a - +2 trident (venom)
rCold    . . .     Faith    .   J - +0 buckler
rNeg     . . .     Spirit   .   v - +7 ring mail of Skepticism {Str+6 Dex-4}
rPois    .         Reflect  .   (no helmet)
rElec    .         Harm     .   E - -1 cloak (curse)
rCorr    .         Rampage  .   z - +0 pair of gloves
Will     .....                  (no boots)
Stlth    +.........             (no amulet)
HPRegen  0.21/turn              W - ring of magical power
MPRegen  0.18/turn              (no ring)

@: no status effects
A: demonic guardian 2, fire resistance 1
a: Renounce Religion, Recall Undead Slaves, Injury Mirror, Animate Dead


You were on level 8 of the Dungeon.
You worshipped Yredelemnul.
Yredelemnul was most pleased with you.
You visited 2 branches of the dungeon, and saw 9 of its levels.

You collected 611 gold pieces.


Innate Abilities, Weirdness & Mutations

A demonic guardian rushes to your aid.
Your flesh is heat resistant. (rF+)


   Skills:
 - Level 6.3 Fighting
 + Level 9.7 Polearms
 - Level 0.6 Slings
 - Level 2.6 Dodging
 - Level 1.7 Stealth
 - Level 4.0 Shields
 - Level 6.2 Invocations


You had 3 spell levels left.
You knew the following spells:

 Your Spells              Type           Power        Failure   Level
o - Confusing Touch       Hex            0%           86%         3
z - Ensorcelled Hibernat  Hex/Ice        0%           65%         2

Your spell library contained the following spells:

 Spells                   Type           Power        Failure   Level
 Corona                   Hex            0%           50%         1
 Dazzling Flash           Conj/Hex       0%           86%         3
 Tukima's Dance           Hex            0%           86%         3

Inventory:

Hand Weapons
 a - a +2 trident of venom (weapon)
 b - a +0 hunting sling
 g - a +2 spear of venom
 t - a +0 spear
 M - a +3 trident of freezing
Missiles
 i - 281 stones (quivered)
 A - 26 poisoned darts
 F - 2 throwing nets {=f=f}
Armour
 d - a +0 leather armour
 e - a +1 chain mail
 n - a scarf of harm
 u - a +0 robe
 v - the +7 ring mail of Skepticism (worn) {Str+6 Dex-4}
   (You found it on level 4 of the Dungeon)

   It affects your strength (+6).
   It affects your dexterity (-4).
 z - a +0 pair of gloves (worn)
 E - a cursed -1 cloak (worn)
 J - a +0 buckler (worn)
Jewellery
 W - a ring of magical power (left hand)
Wands
 j - a wand of paralysis (6)
 r - a wand of flame (29)
 H - a wand of acid (6)
 L - a wand of enslavement (7)
 O - a wand of digging (5)
Scrolls
 c - 11 scrolls of identify {@r1@r1}
 h - 3 scrolls of teleportation {@r4@r4}
 m - 6 scrolls of remove curse {@r2@r2}
 w - 2 scrolls of fog {unknown}
 y - 2 scrolls of immolation {unknown}
 C - a scroll of blinking {unknown}
 G - a scroll of enchant weapon {unknown}
 I - 2 scrolls of fear {unknown}
 N - a scroll of summoning {unknown}
Potions
 f - a potion of magic {unknown}
 k - 3 potions of degeneration {unknown}
 l - a potion of brilliance {unknown}
 o - 2 potions of heal wounds {unknown}
 p - a potion of resistance {unknown}
 q - a potion of might
 s - a potion of haste {@q3@q3}
 x - 2 potions of curing {@q1@q1}
 B - a potion of invisibility {unknown}
 D - a potion of lignification {unknown}
 K - a potion of cancellation {unknown}

Dungeon Overview and Level Annotations

Branches:
Dungeon (8/15)             Temple (1/1) D:5
   Lair: D:8-11

Altars:
Ashenzari
Cheibriados
Dithmenos
Elyvilon
Fedhas
Gozag
Hepliaklqana
Makhleb
Nemelex Xobeh
Okawaru
Qazlal
Ru
Trog
Uskayaw
Vehumet
Wu Jian
Xom
Yredelemnul
Zin

#..............#..
#..............#..
#.................
#.......##........
#.......##....∩...
######.......#........
##...##......##........
#....##...>..##....##..
###.....@......##....##..
#..............##....##..
.#............'.....#...
..≈≈.;Z...Z.....≈.....#...
..≈≈≈;..≈≈≈≈≈≈≈≈≈≈..≈.#...
..≈≈.≈.........≈≈...≈.###'
...≈≈≈...≈..∩...≈≈≈.[≈##..
..≈≈≈≈≈≈≈≈....≈...≈..≈≈...
#.≈≈≈≈≈≈≈....≈≈...≈.≈≈....


You could see 2 electric eels, a friendly leopard gecko zombie and a friendly
ogre zombie.


Message History

The bolt of electricity hits your wolf zombie!
Your wolf zombie is destroyed!
The electric eel shoots out a bolt of lightning at you!
The bolt of electricity hits you!
The electric eel shoots out a bolt of lightning at you!
The bolt of electricity hits you.
The electric eel shoots out a bolt of lightning at you!
The bolt of electricity misses you.
Found 23 bolts.
The electric eel shoots out a bolt of lightning at you!
The bolt of electricity hits you.
You reach to attack!
You closely miss the electric eel.
The electric eel shoots out a bolt of lightning at you!
The bolt of electricity hits you!
* * * LOW HITPOINT WARNING * * *
The electric eel shoots out a bolt of lightning at you!
The bolt of electricity hits you!
* * * LOW HITPOINT WARNING * * *
The electric eel shoots out a bolt of lightning at you!
The bolt of electricity hits you!
* * * LOW HITPOINT WARNING * * *
The electric eel shoots out a bolt of lightning at you!
The bolt of electricity hits you.
* * * LOW HITPOINT WARNING * * *
Okay, then.
Okay, then.
The electric eel shoots out a bolt of lightning at you!
The bolt of electricity hits you.
You die...
Your body rises from the dead as a mindless zombie.

Skill      XL: |  1  2  3  4  5  6  7  8  9 |
---------------+----------------------------+-----
Polearms       | 3 4 5 7 9 |  9.7
Fighting       | 4 5 6 |  6.3
Invocations    | 6 |  6.2
Shields        | 3 4 |  4.0
Slings         | |  0.6
Dodging        | |  2.6
Stealth        | |  1.7

Action                   |  1- 3 |  4- 6 |  7- 9 || total
-------------------------+-------+-------+-------++-------
Melee: Spear             |   174 |    75 |       ||   249
       Trident           |       |    66 |   351 ||   417
 Fire: Hunting sling     |       |     9 |     9 ||    18
Throw: Stone             |       |     2 |       ||     2
Invok: Animate Dead      |       |       |     2 ||     2
  Use: Scroll            |       |     6 |       ||     6
 Stab: Sleeping          |       |       |     1 ||     1
       Distracted        |       |       |     3 ||     3
Armor: Chain mail        |    75 |    31 |       ||   106
       Ring mail         |       |    16 |   123 ||   139
Dodge: Dodged            |    30 |    24 |   153 ||   207
Block: Buckler           |       |       |    45 ||    45

Levels and vault maps discovered:
D:1:      tarquinn_simple_flora_water_b, layout_rooms
D:2:      layout_loops_corners, fedhas_ov_isle_minmay, lemuel_crystal_altar,
          chequers_ecumenical_altar_simple
D:3:      layout_basic, lemuel_crystal_altar, elyvilon_altar_5, uniq_ijyb
D:4:      layout_basic, lemuel_round_altar, grunt_decor_one_mirror,
          uniq_blork_the_orc
D:5:      layout_rooms, minmay_temple_entry_trees
D:6:      corexii_shack_village, layout_loops_cross
D:7:      layout_cave_pods, nicolae_overflow_crystal_walls,
          lemuel_crystal_altar, nicolae_qazlal_style_of_elements
D:8:      layout_gridville, lemuel_doored_altar,
          nicolae_ru_sacrificial_ziggurat, serial_ice, serial_ice_m,
          serial_ice_j, serial_ice_n, serial_ice_h, serial_ice_o, serial_ice_d,
          serial_ice_b, serial_ice_g, serial_ice_a, serial_ice_e, tgw_trog
Temple:   compressed_dpeg_triangle_lava_temple

Notes
Turn   | Place    | Note
-------+----------+-------------------------------------------
     0 | D:1      | Dracia the Demonspawn Monk began the quest for the Orb.
     0 | D:1      | Reached XP level 1. HP: 18/18 MP: 1/1
    83 | D:1      | Reached skill level 3 in Polearms
   227 | D:1      | Gained mutation: A weak demonic guardian rushes to your
                  | aid. [demonic ancestry]
   227 | D:1      | Reached XP level 2. HP: 15/24 MP: 2/2
   891 | D:2      | Reached skill level 4 in Polearms
   891 | D:2      | Gained mutation: Your flesh is heat resistant. (rF+)
                  | [demonic ancestry]
   891 | D:2      | Reached XP level 3. HP: 28/29 MP: 3/3
  1104 | D:2      | Found a blossoming altar of Fedhas.
  1361 | D:2      | Found a faded altar of an unknown god.
  1538 | D:2      | Found an opulent altar of Gozag.
  1551 | D:2      | Reached XP level 4. HP: 35/35 MP: 4/4
  2122 | D:3      | Found a white marble altar of Elyvilon.
  2180 | D:3      | Found a shimmering altar of Xom.
  2252 | D:3      | Noticed Ijyb
  2262 | D:3      | Killed Ijyb
  2263 | D:3      | Reached skill level 5 in Polearms
  2368 | D:3      | Gained mutation: A demonic guardian rushes to your aid.
                  | [demonic ancestry]
  2368 | D:3      | Reached XP level 5. HP: 38/41 MP: 5/5
  2977 | D:4      | Noticed Blork the orc
  2985 | D:4      | Reached skill level 4 in Fighting
  2985 | D:4      | Reached XP level 6. HP: 26/48 MP: 6/6
  2987 | D:4      | Killed Blork the orc
  3137 | D:4      | Got a crude ring mail
  3182 | D:3      | Identified the +7 ring mail of Skepticism {Str+6 Dex-4}
                  | (You found it on level 4 of the Dungeon)
  3324 | D:4      | Found a burning altar of Makhleb.
  3460 | D:4      | Reached skill level 5 in Fighting
  3531 | D:4      | Reached XP level 7. HP: 52/57 MP: 7/7
  3533 | D:4      | Reached skill level 6 in Fighting
  3879 | D:5      | Entered Level 5 of the Dungeon
  4069 | D:5      | Found a staircase to the Ecumenical Temple.
  4091 | D:5      | Learned a level 3 spell: Confusing Touch
  4094 | D:5      | Learned a level 2 spell: Ensorcelled Hibernation
  4100 | Temple   | Entered the Ecumenical Temple
  4189 | Temple   | Became a worshipper of Yredelemnul the Dark
  4189 | Temple   | Reached * piety under Yredelemnul
  4189 | Temple   | Reached ** piety under Yredelemnul
  4407 | D:5      | Reached skill level 2 in Invocations
  4498 | D:6      | Reached skill level 3 in Invocations
  4571 | D:6      | Reached skill level 4 in Invocations
  4617 | D:6      | Reached skill level 5 in Invocations
  4782 | D:6      | Reached skill level 6 in Invocations
  4870 | D:6      | Reached XP level 8. HP: 57/64 MP: 12/12
  5387 | D:7      | Found a shadowy altar of Dithmenos.
  5435 | D:7      | Reached skill level 6 in Polearms
  5688 | D:7      | Found a sparkling altar of Nemelex Xobeh.
  5818 | D:7      | Found a stormy altar of Qazlal.
  5818 | D:7      | Noticed an air elemental
  6415 | D:7      | Reached skill level 7 in Polearms
  6415 | D:7      | Reached skill level 1 in Shields
  6456 | D:7      | Reached skill level 2 in Shields
  6704 | D:8      | Found a snail-covered altar of Cheibriados.
  6717 | D:8      | Reached skill level 3 in Shields
  6749 | D:8      | Reached *** piety under Yredelemnul
  6793 | D:8      | Found a sacrificial altar of Ru.
  6829 | D:8      | Reached XP level 9. HP: 62/69 MP: 13/13
  6910 | D:8      | Reached skill level 8 in Polearms
  7076 | D:8      | Noticed a moth of wrath
  7079 | D:8      | Found a bloodstained altar of Trog.
  7097 | D:8      | Killed a moth of wrath
  7098 | D:8      | Reached skill level 4 in Shields
  7323 | D:8      | Reached skill level 9 in Polearms
  7472 | D:8      | HP: 6/69 [electric eel/bolt of electricity (3)]
  7474 | D:8      | Killed from afar by an electric eel

Vanquished Creatures
  3 phantoms
  A black bear (D:6)
  2 ice beasts
  An ogre (D:8)
  2 wolves (D:8)
  2 centaurs (D:8)
  A wyvern zombie (D:8)
  3 scorpions
  A wyvern skeleton (D:8)
  3 wights
  2 howler monkeys (D:7)
  A quasit (D:6)
  5 hounds
  2 jellies
  An orc priest (D:7)
  A centaur zombie (D:7)
  7 orc wizards
  Ijyb (D:3)
  2 worker ants (D:5)
  A hound skeleton (D:5)
  A worker ant zombie (D:6)
  9 adders
  A hound simulacrum (D:8)
  A shadow imp (D:7)
  2 white imps
  An ufetubus (D:8)
  4 worms
  A dart slug (D:2)
  An adder simulacrum (D:8)
  5 leopard geckos
  31 orcs
  3 giant cockroaches
  13 hobgoblins
  6 jackals
  3 quokkas
  2 ball pythons
  A ball python skeleton (D:4)
  7 bats
  3 frilled lizards
  11 goblins
  A jackal simulacrum (D:8)
  12 kobolds
  A leopard gecko skeleton (D:4)
  A quokka skeleton (D:6)
  9 rats
172 creatures vanquished.

Vanquished Creatures (collateral kills)
  A moth of wrath (D:8)
  2 yaks
  A sky beast (D:6)
  An ice beast (D:6)
  2 wolves (D:8)
  Blork the orc (D:4)
  4 wights
  An orc priest (D:4)
  An orc wizard (D:4)
  A hound zombie (D:8)
  A leopard gecko (D:6)
  3 orcs
  2 goblins (D:6)
  A kobold (D:6)
  A quokka (D:6)
  A ball python (D:3)
24 creatures vanquished.

Vanquished Creatures (others)
  A wolf zombie (D:8)
  2 rat zombies (D:8)
  5 plants
8 creatures vanquished.

Grand Total: 204 creatures vanquished

Table legend: (Time is in decaauts)
 A = Elapsed time spent in this place.
 B = Non-inter-level travel time spent in this place.
 C = Inter-level travel time spent in this place.
 D = Time resting spent in this place.
 E = Time spent auto-exploring this place.
 F = Levels seen in this place.
 G = Mean time per level.
                   A        B        C        D        E       F      G
               +--------+--------+--------+--------+--------+-----+--------+
         Total |   7433 |   7024 |    409 |    462 |   5298 |   9 |  825.9 |
       Dungeon |   7325 |   6959 |    366 |    462 |   5235 |   8 |  915.6 |
        Temple |    107 |     64 |     43 |      0 |     63 |   1 |  107.0 |
               +--------+--------+--------+--------+--------+-----+--------+

Top non-repeatable levels by time:
     D:7: 1260 daAuts
     D:4: 1021 daAuts
     D:2: 1016 daAuts
     D:3: 938 daAuts
     D:8: 891 daAuts
     D:6: 891 daAuts
     D:1: 874 daAuts
     D:5: 429 daAuts
  Temple: 107 daAuts

Table legend:
 A = Non-vault XP
 B = Vault XP
 C = Vault XP percentage of total XP
 D = Non-vault monster count
 E = Vault monster count
 F = Vault count percentage of total count
                 A         B        C        D         E       F
            +---------+---------+-------+---------+---------+-------
      Total |    2994 |    1394 |  31.8 |     163 |      33 |  16.8
            +---------+---------+-------+---------+---------+-------
        D:1 |      38 |       0 |   0.0 |      23 |       0 |   0.0
        D:2 |      79 |       0 |   0.0 |      23 |       0 |   0.0
        D:3 |     102 |      32 |  23.9 |      26 |       1 |   3.7
        D:4 |     435 |      68 |  13.5 |      22 |       1 |   4.3
        D:5 |     182 |       0 |   0.0 |      11 |       0 |   0.0
        D:6 |     547 |      25 |   4.4 |      16 |      12 |  42.9
        D:7 |     519 |     307 |  37.2 |      23 |       2 |   8.0
        D:8 |    1092 |     962 |  46.8 |      19 |      17 |  47.2
            +---------+---------+-------+---------+---------+-------
